 Dungeon Crawl Stone Soup version 0.30-a0-137-gd8773701ce (webtiles) character file.

Game seed: 2893005418562422144

123 SigmundSlayer the Ruffian (level 4, -7/34 HPs)
             Began as a Demonspawn Gladiator on Sept 23, 2022.
             Was an Initiate of Okawaru.
             Mangled by a thrashing horror (10 damage)
             ... created by the touch of Lugonu
             ... on level 3 of the Dungeon.
             The game lasted 00:02:58 (2780 turns).

SigmundSlayer the Ruffian (Demonspawn Gladiator)    Turns: 2780, Time: 00:02:59

Health: -7/34      AC:  6    Str: 10 (13) XL:     4   Next: 79%
Magic:  4/4        EV: 11    Int:  7 (9)  God:    Okawaru [......]
Gold:   84         SH:  0    Dex: 15 (18) Spells: 3/3 levels left

rFire   . . .      SeeInvis .      - Unarmed
rCold   . . .      Faith    .    (no shield)
rNeg    . . .      Spirit   .    e - +1 ring mail
rPois   +          Reflect  .    (no helmet)
rElec   .          Harm     .    (no cloak)
rCorr   .          Rampage  .    (no gloves)
Will    .....                    (no boots)
Stlth   +.........               (no amulet)
HPRegen 0.11/turn                (no ring)
MPRegen 0.09/turn                (no ring)

@: no status effects
A: spiny 1, weakness stinger 1, agile 1, sense surroundings 1, poison
resistance, weak 1
a: Renounce Religion


You were on level 3 of the Dungeon.
You worshipped Okawaru.
Okawaru was noncommittal.
You visited 1 branch of the dungeon, and saw 3 of its levels.

You collected 84 gold pieces.

Inventory:

Missiles
 c - 3 throwing nets (quivered)
 d - 3 javelins
Armour
 b - a +0 helmet
 e - a +1 ring mail (worn)
Scrolls
 a - 6 scrolls of identify
 f - 3 scrolls of magic mapping
 j - 2 scrolls of fog


   Skills:
 + Level 2.9 Fighting
 - Level 2.3 Throwing
 + Level 1.5 Armour
 + Level 3.2 Dodging
 + Level 3.3 Unarmed Combat
 + Level 1.0 Invocations


You had 3 spell levels left.
You didn't know any spells.
Your spell library was empty.

Dungeon Overview and Level Annotations

Branches:
Dungeon (3/15)

Altars:
Okawaru
Lugonu

Annotations:
D:3 Grinder


Innate Abilities, Weirdness & Mutations

You are partially covered in sharp spines.
You have a small tail.
You are agile. (Dex +4, Str/Int -1)
You passively map a small area around you.
Your system is resistant to poisons. (rPois)
You are weak. (Str -2)


Message History

The goblin hits you but does no damage.
You see here a scroll labelled DOOMUI JIGRI.
g - a scroll labelled DOOMUI JIGRI The goblin hits you but does no damage.
You miss the goblin. Your punch misses the goblin.
The goblin is struck by your spines.
You kill the goblin!
Okawaru accepts your kill.
Blink to where?
Press: ? - help, Dir - move target
As you read the scroll labelled DOOMUI JIGRI, it crumbles to dust.
It was a scroll of blinking.
Grinder blinks!
You open the door.
There is an open door here.
You close the door.
An orc opens the door.
Lugonu's wrath scatters you! Lugonu sends minions to punish you.
A small abomination and a thrashing horror come into view.
You closely miss the thrashing horror.
The thrashing horror attacks as you move away!
The thrashing horror tramples you.
The thrashing horror tramples you but does no damage.
The thrashing horror closely misses you.
The thrashing horror tramples you.
You hold your ground!
Grinder blinks!
The thrashing horror attacks as you move away!
The thrashing horror closely misses you.
The thrashing horror tramples you but does no damage.
The thrashing horror barely misses you. The thrashing horror tramples you.
You hold your ground!
The small abomination hits something!
The orc hits something with a +0 trident!
The thrashing horror tramples the plant.
The plant begins to die.
The thrashing horror tramples the plant.
The thrashing horror attacks as you move away!
The thrashing horror tramples you!
* * * LOW HITPOINT WARNING * * *
The thrashing horror barely misses you.
The thrashing horror is struck by your spines.
The thrashing horror tramples you!
You die...

######(§.♣P..♣ .P# #...
....##§.♣.♣* .P♣########.5.
.#...#..♣♣♣* ♣♣♣ ♣♣...
#......... .#...#..P"♣* ♣..
..P* #......### .#...#..♣♣♣
♣♣.♣P♣♣ *#......# .#...#.#♣
♣.♣...♣ , #......#* .#...#.##♣♣
♣♣.P♣♣♣♣♣ #..o...#, .#......[.♣
♣♣.♣♣.♣.P♣ #...)..+
.#####.##.##♣.♣P@♣§§♣###......#
...........†.P♣PXP♣P§..'§.....#
#########.##.#.♣P.xoo###......#
....#.....##..♣.♣..### #......#
###.#.#######.....## ########
#...# ####### #####


You could see a thrashing horror, a small abomination and an orc.

Vanquished Creatures
  2 gnolls (D:3)
  2 adders (D:2)
  2 worms (D:2)
  4 dart slugs
  3 orcs (D:3)
  5 ball pythons
  8 bats
  3 endoplasms
  A giant cockroach (D:1)
  4 goblins
  3 hobgoblins
  11 jackals
  5 kobolds
  4 quokkas (D:3)
  4 frilled lizards
  2 rats
63 creatures vanquished.

Vanquished Creatures (others)
  6 plants (D:3)
  4 toadstools (D:3)
10 creatures vanquished.

Grand Total: 73 creatures vanquished

Notes
Turn   | Place    | Note
-------+----------+-------------------------------------------
     0 | D:1      | SigmundSlayer the Demonspawn Gladiator began the quest for
                  | the Orb.
     0 | D:1      | Reached XP level 1. HP: 16/16 MP: 1/1
   239 | D:1      | Gained mutation: You have a small tail. [demonic ancestry]
   239 | D:1      | Reached XP level 2. HP: 22/22 MP: 2/2
   324 | D:1      | Gained mutation: You have a pair of small horns on your
                  | head. [potion of mutation]
   324 | D:1      | Gained mutation: You occasionally shout uncontrollably at
                  | your foes. [potion of mutation]
   324 | D:1      | Gained mutation: You are agile. (Dex +4, Str/Int -1)
                  | [potion of mutation]
   841 | D:1      | Gained mutation: You are partially covered in sharp spines.
                  | [demonic ancestry]
   841 | D:1      | Reached XP level 3. HP: 28/28 MP: 3/3
  1209 | D:2      | Reached skill level 1 in Armour
  1760 | D:2      | Found a faded altar of an unknown god.
  1765 | D:2      | Reached XP level 4. HP: 29/34 MP: 4/4
  1771 | D:2      | Prayed at the altar of an unknown god.
  1771 | D:2      | Became a worshipper of Lugonu the Unformed
  1771 | D:2      | Reached * piety under Lugonu
  1771 | D:2      | Reached ** piety under Lugonu
  2158 | D:3      | Lost mutation: You are agile. (Dex +4, Str/Int -1) [potion
                  | of mutation]
  2158 | D:3      | Lost mutation: You have a pair of small horns on your head.
                  | [potion of mutation]
  2158 | D:3      | Lost mutation: You occasionally shout uncontrollably at
                  | your foes. [potion of mutation]
  2158 | D:3      | Gained mutation: You are agile. (Dex +4, Str/Int -1)
                  | [potion of mutation]
  2158 | D:3      | Gained mutation: You passively map a small area around you.
                  | [potion of mutation]
  2158 | D:3      | Gained mutation: You are weak. (Str -2) [potion of
                  | mutation]
  2158 | D:3      | Gained mutation: Your system is resistant to poisons.
                  | (rPois) [potion of mutation]
  2278 | D:3      | Found an iron altar of Okawaru.
  2301 | D:3      | HP: 1/34 [gnoll/+0 spear (1)]
  2606 | D:3      | Fell from the grace of Lugonu
  2606 | D:3      | Became a worshipper of Warmaster Okawaru
  2622 | D:3      | Noticed Grinder
  2640 | D:3      | Reached skill level 1 in Invocations
  2777 | D:3      | Noticed a small abomination
  2777 | D:3      | Noticed a thrashing horror
  2780 | D:3      | Mangled by a thrashing horror

Illustrated notes

Levels and vault maps discovered:
D:1:      doesnt_arrival_eight_statues, layout_loops_ring
D:2:      layout_basic, ebering_ecumenical_altar_petrified
D:3:      wad_woods_stonehenge, layout_basic, minmay_hedge_maze,
          minmay_gold_behind_fungi, kennysheep_generic_room_16, uniq_grinder

Skill      XL: |  1  2  3  4 |
---------------+-------------+-----
Throwing       | 2 |  2.3
Unarmed Combat | 3 |  3.3
Dodging        | 3 |  3.2
Armour         | 1 |  1.5
Invocations    | 1 |  1.0
Fighting       | |  2.9

Action                   |  1- 3 |  4- 6 || total
-------------------------+-------+-------++-------
Melee: Unarmed           |   134 |    65 ||   199
       Punch             |     3 |     2 ||     5
       Headbutt          |    15 |     7 ||    22
       Tailslap          |    13 |    10 ||    23
  Use: Potion            |     1 |     3 ||     4
       Scroll            |     6 |     3 ||     9
Armor: Ring mail         |    54 |    19 ||    73
       Leather armour    |     4 |       ||     4
Dodge: Dodged            |    83 |    32 ||   115

Table legend: (Time is in decaauts)
 A = Elapsed time spent in this place.
 B = Non-inter-level travel time spent in this place.
 C = Inter-level travel time spent in this place.
 D = Time resting spent in this place.
 E = Time spent auto-exploring this place.
 F = Levels seen in this place.
 G = Mean time per level.
                   A        B        C        D        E       F      G
               +--------+--------+--------+--------+--------+-----+--------+
         Total |   2768 |   2714 |     54 |    695 |   1600 |   3 |  922.7 |
       Dungeon |   2768 |   2714 |     54 |    695 |   1600 |   3 |  922.7 |
               +--------+--------+--------+--------+--------+-----+--------+

Top non-repeatable levels by time:
     D:1: 1104 daAuts
     D:2: 962 daAuts
     D:3: 701 daAuts
